 Dungeon Crawl Stone Soup version 0.18.1-47-g9310371 (webtiles) character file.

364 mindo the Conjurer (level 6, -3/32 HPs)
             Began as a Deep Elf Conjurer on June 16, 2016.
             Slain by an ogre
             ... wielding a +0 giant spiked club
              (17 damage)
             ... on level 4 of the Dungeon.
             The game lasted 00:17:42 (2397 turns).

mindo the Conjurer (Deep Elf Conjurer)              Turns: 2397, Time: 00:17:43

Health: -3/32      AC:  4    Str:  5    XL:     6   Next: 39%
Magic:  12/17      EV: 13    Int: 22    God:
Gold:   77         SH:  4    Dex: 15    Spells: 2 memorised, 14 levels left

rFire  . . .     SeeInvis .     (no weapon)
rCold  . . .     Gourm    .     a - +0 robe
rNeg   . . .     Faith    .     (no shield)
rPois  .         Spirit   .     s - +1 hat
rElec  .         Dismiss  .     (no cloak)
rCorr  +         Reflect  +     g - +0 pair of gloves
SustAt .         Harm     .     (no boots)
MR     .....                    o - +4 amulet of reflection
Stlth  ++........               (no ring)
                                l - ring of resist corrosion

@: not resistant to hostile enchantments, unstealthy
A: no striking features
a: no special abilities


You were on level 4 of the Dungeon.
You were not hungry.

You visited 1 branch of the dungeon, and saw 4 of its levels.

You collected 77 gold pieces.

Inventory:

Armour
 a - a +0 robe (worn)
 g - a +0 pair of gloves (worn)
 s - a +1 hat (worn)
Jewellery
 l - a ring of resist corrosion (left hand)
 o - a +4 amulet of reflection (around neck)
 u - a +3 ring of intelligence {unknown}
Wands
 n - a wand of lightning (15/15)
Scrolls
 e - a scroll of remove curse
 h - a scroll of blinking {unknown}
 i - 2 scrolls of enchant weapon {unknown}
 m - a scroll of identify
 p - a scroll of enchant armour {unknown}
 q - 2 scrolls of fog {unknown}
Potions
 d - a potion of resistance {unknown}
 f - a potion of degeneration {unknown}
 k - a potion of magic {unknown}
 r - a potion of haste {unknown}
 t - a potion of curing {unknown}
Books
 b - a book of Conjurations

   Spells                             Type                      Level
   a - Magic Dart                     Conjuration                  1
   b - Searing Ray                    Conjuration                  2
   c - Dazzling Spray                 Conjuration/Hexes            3
   d - Fulminant Prism                Conjuration/Hexes            4
   e - Iskenderun's Mystic Blast      Conjuration                  4
   f - Iskenderun's Battlesphere      Conjuration/Charms           5
Comestibles
 c - 3 bread rations
 j - 2 meat rations


   Skills:
 - Level 2.4 Dodging
 - Level 2.4 Stealth
 * Level 6.3 Spellcasting
 + Level 7.0 Conjurations


You had 14 spell levels left.
You knew the following spells:

 Your Spells              Type           Power        Failure   Level  Hunger
a - Magic Dart            Conj           ####         1%          1    None
b - Searing Ray           Conj           #####.       1%          2    None


Dungeon Overview and Level Annotations

Branches:
Dungeon (4/15)
 Temple: D:4-7

Altars:
Gozag


Message History

Confirm with . or Enter, or press ? or * to list all spells.
Aiming: Searing Ray
Press: ? - help, Shift-Dir - straight line, f - ogre
Aim: an ogre, wielding a giant spiked club The searing ray hits the ogre.
The ogre is lightly wounded.
The searing ray hits the ogre.
The ogre is moderately wounded.
The ogre closely misses you.
The searing ray misses the ogre.
The ogre hits you with a giant spiked club!!
Ouch! That really hurt!
The searing ray misses the ogre.
The ogre barely misses you.
Found 6 gold pieces.
An ooze comes into view.
The ogre barely misses you. The ogre closely misses you.
The ogre hits you with a giant spiked club!
Ouch! That really hurt!
You die...

#.. #.# #
###S####.#
#......S.####
#$.........#
#..###.###.# #..#
#.# #
#..###.###.##.###.
#........@....J...
##<###.###O##$####
#.†..........#
#.###.###.####
#.........####
##!..#........#
#..........##.#
##...####### #
......##


You could see an ogre and an ooze (sleeping).

Vanquished Creatures
  The ghost of sveltemanboy the Cudgeler, an amateur OgHu (D:3)
  An ogre (D:3)
  A worker ant (D:4)
  A gnoll (D:1)
  3 adders
  A worm (D:3)
  2 dart slugs
  2 giant geckos
  2 orcs (D:3)
  5 giant cockroaches
  3 goblins
  9 hobgoblins
  2 jackals (D:2)
  2 quokkas
  A ball python (D:2)
  6 bats
  A giant newt (D:3)
  8 kobolds
  5 rats
56 creatures vanquished.

Notes
Turn   | Place    | Note
--------------------------------------------------------------
     0 | D:1      | mindo the Deep Elf Conjurer began the quest for the Orb.
     0 | D:1      | Reached XP level 1. HP: 10/10 MP: 6/6
   150 | D:1      | Reached XP level 2. HP: 15/15 MP: 4/8
   239 | D:1      | Reached skill level 5 in Conjurations
   587 | D:1      | Reached XP level 3. HP: 19/19 MP: 6/9
   717 | D:2      | Learned a level 2 spell: Searing Ray
  1152 | D:2      | Reached XP level 4. HP: 22/24 MP: 5/11
  1501 | D:3      | Found an opulent altar of Gozag.
  1840 | D:3      | Noticed an ogre
  1855 | D:3      | Killed an ogre
  1855 | D:3      | Reached skill level 6 in Conjurations
  1855 | D:3      | Reached XP level 5. HP: 28/28 MP: 9/14
  1932 | D:3      | Reached skill level 5 in Spellcasting
  1941 | D:3      | Noticed sveltemanboy's ghost (amateur OgHu)
  1953 | D:3      | Killed sveltemanboy's ghost
  1953 | D:3      | Reached XP level 6. HP: 22/32 MP: 2/17
  2148 | D:3      | Reached skill level 7 in Conjurations
  2397 | D:4      | Slain by an ogre

Skill      XL: |  1  2  3  4  5  6 |
---------------+-------------------+-----
Conjurations   | 5 6 7 |  7.0
Spellcasting   | 4 6 |  6.3
Dodging        | |  2.4
Stealth        | |  2.4

Action                   |  1- 3 |  4- 6 || total
-------------------------+-------+-------++-------
Melee: Unarmed           |     4 |       ||     4
 Cast: Magic Dart        |    71 |    33 ||   104
       Searing Ray       |       |     7 ||     7
  Use: Scroll            |       |     3 ||     3
 Stab: Sleeping          |     2 |       ||     2
  Eat: Meat ration       |       |     1 ||     1
       Pizza             |       |     1 ||     1
Armor: Robe              |     5 |     3 ||     8
Dodge: Dodged            |    11 |    20 ||    31
Block: Other             |       |     2 ||     2
